 Dungeon Crawl Stone Soup version 0.31.0-12-g77e489cdc1 (webtiles) character file.

Game seed: 12834265596566508525

10374 wingedge the Digger (level 11, 0/92 HPs)
             Began as a Demigod Earth Elementalist on Feb 23, 2024.
             Slain by a hell knight
             ... wielding a +1 scimitar of flaming
              (25 damage)
             ... in a volcano.
             The game lasted 00:38:30 (12973 turns).

wingedge the Digger (Demigod Earth Elementalist)   Turns: 12973, Time: 00:38:31

Health: 0/92       AC:  8    Str: 15    XL:     11   Next: 13%
Magic:  3/24       EV: 11    Int: 32    God:
Gold:   397        SH:  0    Dex: 14    Spells: 14/22 levels left

rFire   + . .        b - staff of alchemy
rCold   . . .        (no shield)
rNeg    . . .        B - +0 ring mail
rPois   +            q - +0 helmet
rElec   .            I - +0 cloak
rCorr   .            (no gloves)
SInv    .            (no boots)
Will    +....        (no amulet)
Stlth   ++++         i - ring of protection from fire
HPRegen 0.35/turn    P - ring "Hyqush" {^Contam Str+6 Int+3 Stlth+}
MPRegen 0.19/turn

%: no passive effects
@: radiating poison
A: high MP 1, forlorn, divine attributes
a: no special abilities


You were in a volcano.
You visited 2 branches of the dungeon, and saw 11 of its levels.
You also visited: Bailey and Volcano.

You collected 1094 gold pieces.
You spent 697 gold pieces at shops.

Inventory:

Hand Weapons
 a - a +2 flail of protection
 w - a +3 dagger
Missiles
 k - 2 javelins
 C - 4 curare-tipped darts
Armour
 q - a +0 helmet (worn)
 B - a +0 ring mail (worn)
 I - a +0 cloak (worn)
Magical Staves
 b - a staff of alchemy (weapon)
 r - a staff of air
Jewellery
 f - a ring of flight
 i - a ring of protection from fire (left hand)
 j - a ring of positive energy
 n - a +5 ring of evasion
 P - the ring "Hyqush" (right hand) {^Contam Str+6 Int+3 Stlth+}
   (You bought it in a shop on level 9 of the Dungeon)

   [ring of strength]

   Str+6:     It affects your strength (+6).
   Int+3:     It affects your intelligence (+3).
   ^Contam:   It causes magical contamination when unequipped.
   Stlth+:    It makes you more stealthy.
Wands
 p - a wand of roots (2)
 u - a wand of flame (57)
 O - a wand of mindburst (10)
Scrolls
 d - a scroll of enchant armour
 g - 2 scrolls of enchant weapon
 h - a scroll of poison
 s - a scroll of summoning {unknown}
 v - 2 scrolls of blinking {unknown}
 x - 2 scrolls of fear {unknown}
 y - a scroll of immolation {unknown}
 z - a scroll of torment {unknown}
 D - 2 scrolls of noise {unknown}
 E - 3 scrolls of vulnerability {unknown}
 H - a scroll of fog {unknown}
 J - a scroll of silence {unknown}
Potions
 c - a potion of magic
 l - 4 potions of brilliance
 m - a potion of cancellation {unknown}
 t - 2 potions of degeneration {unknown}
 A - 2 potions of curing {unknown}
 F - a potion of haste {unknown}
 G - a potion of ambrosia {unknown}
 K - 5 potions of enlightenment
 L - 3 potions of invisibility {unknown}
 M - a potion of resistance {unknown}
 N - a potion of heal wounds


   Skills:
 + Level 7.0 Fighting
 - Level 5.0 Armour
 - Level 2.0 Dodging
 + Level 6.9 Stealth
 * Level 6.0 Spellcasting
 - Level 7.0 Conjurations
 - Level 7.0 Earth Magic
 * Level 5.1 Alchemy


You had 14 spell levels left.
You knew the following spells:

 Your Spells              Type           Power      Damage    Failure   Level
a - Sandblast             Erth           100%       2d20      1%          1
b - Stone Arrow           Conj/Erth      100%       3d13      1%          3
c - Olgreb's Toxic Radia  Alch           59%        N/A       11%         4

Your spell library contained the following spells:

 Spells                   Type           Power      Damage    Failure   Level
 Sting                    Conj/Alch      100%       1d9       1%          1
 Passwall                 Erth           53%        N/A       1%          3
 Static Discharge         Conj/Air       64%        3-6/arc   3%          2
 Mercury Vapours          Alch/Air       78%        N/A       4%          2
 Brom's Barrelling Bould  Conj/Erth      53%        2d7       4%          4
 Cigotuvi's Dreadful Rot  Necr/Alch/Air  60%        N/A       6%          2
 Petrify                  Alch/Erth      64%        N/A       7%          4
 Call Canine Familiar     Summ           9%         N/A       26%         3
 Sigil of Binding         Hex            9%         N/A       26%         3
 Tukima's Dance           Hex            9%         N/A       26%         3
 Dimensional Bullseye     Hex/Tloc       4%         N/A       63%         4
 Passage of Golubria      Tloc           9%         N/A       63%         4
 Yara's Violent Unravell  Hex/Alch       19%        3d9       63%         5


Dungeon Overview and Level Annotations

Branches:
Dungeon (10/15)            Temple (0/1) D:4            Lair (1/5) D:8
    Orc (0/2) D:10         Bailey (visited)         Volcano (1/1)

Shops:
D:9 =

Annotations:
D:8 Toxic Radiance for AOE?
Lair:1 Maggie


Innate Abilities, Weirdness & Mutations

You have an increased reservoir of magic. (+10% MP)
You shall have no god before yourself.
Your divine heritage dramatically boosts your attributes as you level up.


Message History

Okay, then.
Press: ? - help, v - describe, . - travel A large open door.
The air fills with toxic fumes!
As you read the scroll of poison, it crumbles to dust.
The hell knight looks even sicker.
Your toxic aura wanes.
The centaur wields a +1 shortbow of flaming.
It bursts into flame!
The centaur shoots an arrow.
The arrow hits you!
* * * LOW HITPOINT WARNING * * *
The arrow burns you.
* * * LOW HITPOINT WARNING * * *
You feel much better.
The centaur shoots an arrow.
The arrow hits you.
The centaur warrior is engulfed in poison gas.
The centaur warrior looks even sicker.
The centaur warrior shoots an arrow.
The arrow hits you! The arrow burns you.
* * * LOW HITPOINT WARNING * * *
The hell knight is engulfed in poison gas.
The hell knight looks even sicker.
The hell knight invokes the aid of its god against you.
The bolt of fire misses you.
The centaur warrior looks even sicker.
You feel much better.
The centaur warrior is engulfed in poison gas.
The centaur warrior looks as sick as possible!
The centaur warrior shoots an arrow.
The arrow closely misses you.
The hell knight is engulfed in poison gas.
The hell knight looks as sick as possible!
Okay, then.
Casting: Stone Arrow (safe; 1% risk of failure)
Confirm with . or Enter, or press ? or * to list all spells.
You feel a surge of power!
You begin to radiate toxic energy.
The hell knight looks as sick as possible! x2
The centaur warrior is engulfed in poison gas.
The centaur warrior looks as sick as possible!
The centaur warrior shoots an arrow.
The arrow hits you!! The arrow burns you.
* * * LOW HITPOINT WARNING * * *
The hell knight is engulfed in poison gas.
The hell knight looks as sick as possible!
The hell knight hits you with a +1 scimitar of flaming!!
You die...

#≈≈§§≈ ## §§≈≈≈§
≈§### ≈≈≈≈≈
≈§≈§###
#######≈≈≈≈§#
#§§§§§###≈§§##
§#§§§§§#§##§§§#
§§§§§§§§§§#§§§#
§§§§_§p@§§##
.§#§§§§§#§§§#≈
.#######§§§#§≈§
...c.!..['c§§#§§§§
...#..≈..#.§§#≈≈≈§
...#8≈≈≈8#c§§#≈§§§
#..'..≈..'§§##≈≈§
#..')....'§§# ≈≈≈
≈ #8...8#.##≈≈ ≈#


You could see a hell knight (extremely poisoned), a centaur warrior (extremely
poisoned) and 2 yaktaurs.

Vanquished Creatures
  A hydra (Lair:1)
  Pikel (D:7)
  A lindwurm (Lair:1)
  A cyclops (D:9)
  A rime drake (Lair:1)
  2 yaktaurs (Volcano)
  A troll (D:9)
  Grinder (D:3)
  Sigmund (D:3)
  A ynoxinul (D:9)
  A wyvern (D:9)
  A warg (D:8)
  7 yaks
  2 wraiths (D:10)
  A steam dragon (D:8)
  An acid dragon (D:10)
  3 water moccasins
  9 orc warriors
  A sky beast (D:7)
  3 ice beasts
  A black bear (D:7)
  5 centaurs
  2 wolves
  4 ogres
  4 kobold brigands
  8 bullfrogs
  3 scorpions
  A gnoll sergeant (D:10)
  5 killer bees (D:8)
  7 howler monkeys
  3 hounds
  4 jellies
  9 orc priests
  Crazy Yiuf (D:7)
  A sleepcap (D:6)
  3 iguanas
  13 orc wizards
  Robin (D:3)
  2 adders (D:6)
  6 gnolls
  2 white imps
  3 dart slugs
  37 orcs
  8 ball pythons
  5 endoplasms
  5 giant cockroaches
  22 goblins
  12 hobgoblins
  9 jackals
  2 quokkas (D:4)
  9 bats
  3 frilled lizards
  31 kobolds
  5 rats
276 creatures vanquished.

Notes
Turn   | Place    | Note
-------+----------+-------------------------------------------
     0 | D:1      | wingedge the Demigod Earth Elementalist began the quest for
                  | the Orb.
     0 | D:1      | Reached XP level 1. HP: 14/14 MP: 5/5
   460 | D:1      | Reached XP level 2. HP: 20/20 MP: 5/7
  1270 | D:2      | Reached XP level 3. HP: 26/26 MP: 6/8
  1291 | D:2      | Learned a level 3 spell: Stone Arrow
  1359 | D:2      | Reached skill level 1 in Conjurations
  1921 | D:3      | Noticed an angel
  1955 | D:3      | Reached XP level 4. HP: 33/33 MP: 8/10
  2322 | D:3      | Noticed Robin
  2384 | D:3      | Noticed Grinder
  2396 | D:3      | Killed Grinder
  2397 | D:3      | Reached XP level 5. HP: 30/38 MP: 2/13
  2523 | D:3      | Killed Robin
  2524 | D:3      | Reached XP level 6. HP: 44/45 MP: 7/14
  2619 | D:3      | Noticed Sigmund
  2622 | D:3      | Killed Sigmund
  2858 | D:4      | Found a staircase to the Ecumenical Temple.
  3095 | D:4      | Reached XP level 7. HP: 50/51 MP: 12/16
  3223 | D:4      | Reached skill level 1 in Fighting
  3768 | D:5      | Entered Level 5 of the Dungeon
  4190 | D:5      | Reached skill level 5 in Spellcasting
  4365 | D:5      | Reached XP level 8. HP: 44/61 MP: 12/19
  5141 | D:6      | Reached skill level 5 in Conjurations
  5141 | D:6      | Reached skill level 5 in Earth Magic
  6897 | D:7      | Found a flagged portal.
  6902 | Bailey   | Entered a bailey
  6953 | Bailey   | Reached XP level 9. HP: 69/69 MP: 10/21
  7717 | D:7      | Noticed Pikel
  7724 | D:7      | Killed Pikel
  7725 | D:7      | Reached skill level 1 in Armour
  7790 | D:7      | Found a runed translucent door.
  7791 | D:7      | Noticed Crazy Yiuf
  7797 | D:7      | Killed Crazy Yiuf
  7798 | D:7      | Reached skill level 5 in Stealth
  8427 | D:8      | Found a staircase to the Lair.
  8831 | D:8      | Reached XP level 10. HP: 19/77 MP: 2/22
  9405 | D:8      | Reached skill level 5 in Armour
 10462 | D:9      | Reached skill level 5 in Fighting
 10523 | D:9      | Found Avt Zaismi's Jewellery Boutique.
 10549 | D:9      | Bought the ring "Hyqush" {^Contam Str+6 Int+3 Stlth+} for
                  | 697 gold pieces
 10878 | D:9      | Noticed a cyclops
 10884 | D:9      | Killed a cyclops
 10885 | D:9      | Reached skill level 1 in Alchemy
 11412 | D:9      | Got Sif Muna's Papyrus of Exhalation
 11634 | D:10     | Entered Level 10 of the Dungeon
 12361 | D:10     | Found a staircase to the Orcish Mines.
 12448 | Lair:1   | Entered Level 1 of the Lair of Beasts
 12459 | Lair:1   | Noticed Maggie
 12707 | Lair:1   | Noticed a lindwurm
 12707 | Lair:1   | Found a dark tunnel.
 12739 | Lair:1   | Noticed a seven-headed hydra
 12744 | Lair:1   | Killed a seven-headed hydra
 12745 | Lair:1   | Reached XP level 11. HP: 92/92 MP: 10/24
 12815 | Lair:1   | Killed a lindwurm
 12865 | Volcano  | Entered a volcano
 12880 | Volcano  | Reached skill level 5 in Alchemy
 12902 | Volcano  | Learned a level 4 spell: Olgreb's Toxic Radiance
 12960 | Volcano  | Noticed a centaur warrior
 12969 | Volcano  | Noticed a hell knight
 12973 | Volcano  | Slain by a hell knight

Illustrated notes

Levels and vault maps discovered:
D:1:      matt_arrival_spirals, layout_basic
D:2:      layout_basic, basic_altar, hangedman_decor_peaks_small
D:3:      layout_rooms, grunt_temple_overflow_order_and_chaos_1,
          minmay_misc_feat_more_columns, uniq_sigmund, uniq_grinder, uniq_robin
D:4:      layout_cave_pools, mainiacjoe_overflow_tiny_flanked,
          mainiacjoe_overflow_cross_hatched, minmay_temple_entry_stoned_glass,
          serial_column_ruins, column_ruins_hut, column_ruins_temple_hut,
          column_ruins_open_tiny, column_ruins_grid_3, column_ruins_grid_3,
          column_ruins_open_tiny, column_ruins_columns_straight,
          column_ruins_grid_1
D:5:      layout_rooms, chequers_serial_rivers_micro_b, minmay_ruined_shrine
D:6:      layout_layer_cave
D:7:      layout_rooms, mainiacjoe_overflow_alcove_4, enter_bailey_3,
          uniq_crazy_yiuf_cottage, uniq_pikel
D:8:      layout_basic, riverfiend_overflow_shadow_ancestor,
          erik_lair_orcish_takeover, dk_noncrumbling_3
D:9:      layout_irregular_city, nzn_overflow_gifts_of_might_and_magic,
          serial_shops, nicolae_shop_tiny_statue_garden, serial_glass,
          glass_columns_c, glass_columns_a, glass_columns_b, glass_columns_c,
          glass_columns_a, glass_columns_b, glass_columns_c, glass_columns_a,
          glass_columns_c, glass_columns_c, feat_on_display
D:10:     layout_rooms, old_standard_altar,
          nicolae_overflow_macrodata_refinement, orc_0_dummy
Lair:1:   layout_chaotic_city, nicolae_volcano_entry_vermiform,
          infiniplex_staircase_pool_2, serial_bayou_shore_a,
          lemuel_fruit_fields, uniq_maggie
Volcano:  kennysheep_volcano_temple

Skill      XL: |  1  2  3  4  5  6  7  8  9 10 11 |
---------------+----------------------------------+-----
Earth Magic    | 3 4 5 7 |  7.0
Spellcasting   | 2 3 4 5 6 |  6.0
Conjurations   | 1 3 4 5 7 |  7.0
Stealth        | 2 3 4 5 6 |  6.9
Dodging        | 2 |  2.0
Fighting       | 2 3 7 |  7.0
Armour         | 4 5 |  5.0
Alchemy        | 4 5 |  5.1

Action                     |  1- 3 |  4- 6 |  7- 9 | 10-12 || total
---------------------------+-------+-------+-------+-------++-------
  Melee: Dagger            |       |     2 |       |     1 ||     3
         Flail             |       |       |     3 |    21 ||    24
         Staff             |       |       |     2 |       ||     2
         Punch             |       |       |       |     1 ||     1
   Cast: Sandblast         |    72 |    39 |    63 |     7 ||   181
         Stone Arrow       |       |    13 |   139 |   132 ||   284
         Olgreb's Toxic Ra |       |       |       |     2 ||     2
  Evoke: Wand              |       |     3 |       |       ||     3
    Use: Scroll            |       |       |     7 |     3 ||    10
         Potion            |       |       |       |     3 ||     3
 Armour: Robe              |     8 |     8 |    17 |       ||    33
         Ring mail         |       |       |    48 |    49 ||    97
  Dodge: Dodged            |    10 |     3 |    87 |    38 ||   138
